 Dungeon Crawl Stone Soup version 0.32-a0-599-gba8f9cf90e (webtiles) character file.

Game seed: 15327174130115590924

87 runemasterragnar the Chopper (level 4, 0/35 HPs)
             Began as a Coglin Berserker on Mar 2, 2024.
             Was a Follower of Trog.
             Killed from afar by Sigmund (7 damage)
             ... with a magic dart
             ... on level 3 of the Dungeon.
             The game lasted 00:01:21 (2272 turns).

runemasterragnar the Chopper (Coglin Berserker)     Turns: 2272, Time: 00:01:22

Health: 0/35       AC:  2    Str: 19    XL:     4   Next: 51%
Magic:  4/4        EV: 12    Int:  6    God:    Trog [*.....]
Gold:   115        SH:  0    Dex: 14    Spells: 3/3 levels left

rFire   . . .        a - +0 hand axe {Armando}
rCold   . . .        c - +0 dagger {Dongyul}
rNeg    . . .        b - +0 animal skin
rPois   .            (no helmet)
rElec   .            (no cloak)
rCorr   .            (no gloves)
SInv    .            (no boots)
Will    .....        (amulet unavailable)
Stlth   +            (ring unavailable)
HPRegen 0.25/turn    (ring unavailable)
MPRegen 0.09/turn    (no gizmo)

%: no passive effects
@: confused
A: off-hand wielding, slow wielding, warmup strikes, no jewellery
a: Invent Gizmo, Renounce Religion, Berserk


You were on level 3 of the Dungeon.
You worshipped Trog.
Trog was aware of your devotion.
You visited 1 branch of the dungeon, and saw 3 of its levels.

You collected 115 gold pieces.

Inventory:

Hand Weapons
 a - a +0 hand axe (weapon) {Armando}
 c - a +0 dagger (offhand) {Dongyul}
Missiles
 j - 4 poisoned darts
Armour
 b - a +0 animal skin (worn)
Scrolls
 d - 2 scrolls of noise {unknown}
 e - a scroll of summoning {unknown}
 f - 3 scrolls of revelation {unknown}
 h - a scroll of torment {unknown}
 i - a scroll of blinking {unknown}
 k - 2 scrolls of brand weapon {unknown}
 l - a scroll of teleportation {unknown}
 o - a scroll of enchant armour {unknown}
Potions
 g - a potion of experience {unknown}
 m - a potion of attraction {unknown}
 n - a potion of enlightenment {unknown}


   Skills:
 + Level 3.5 Fighting
 * Level 4.0 Axes
 + Level 1.1 Throwing
 + Level 2.4 Armour
 - Level 1.7 Dodging


You had 3 spell levels left.
You didn't know any spells.
Your spell library was empty.

Dungeon Overview and Level Annotations

Branches:
Dungeon (3/15)

Altars:

Annotations:
D:3 Sigmund


Innate Abilities, Weirdness & Mutations

You can wield a second weapon in your off-hand.
It takes a long time for you to wield or remove held weapons.
Your first few attacks do less damage.
You cannot equip rings or amulets.


Message History

You see here an adder corpse.
Done exploring.
Done exploring.
What level of the Dungeon? (default 2, ? - help)
There is a stone staircase leading down here.
You climb downwards.
Found 8 stones.
Found an escape hatch in the floor.
There is a stone staircase leading up here.
There are monsters nearby!
There are monsters nearby!
There are monsters nearby!
Sigmund the Dreaded comes into view.
He is wielding a +0 scythe and carrying a wand of flame.
Found a scroll labelled YFUUWK DUKH.
Sigmund shouts!
Sigmund zaps a wand.
The puff of flame hits you!
Found 11 gold pieces.
Sigmund asks, "Do you like me?"
There is an escape hatch in the floor here.
You see here 8 stones.
You slash the ball python with your +0 hand axe!
You kill the ball python!
Trog accepts your kill.
Sigmund zaps a wand.
The puff of flame hits you!
Unknown command.
A ribbon worm comes into view.
The quokka barely misses you. Sigmund gestures at you while chanting.
You are confused.
There is an escape hatch in the floor here.
You bump into the rock wall.
The quokka barely misses you.
You bump into the rock wall.
The quokka closely misses you.
Sigmund zaps a wand.
The puff of flame hits you!
* * * LOW HITPOINT WARNING * * *
You can't go up here!
You're too confused to move!
The quokka bites you.
* * * LOW HITPOINT WARNING * * *
Sigmund gestures at you while chanting. The magic dart hits you!
You die...
Sigmund begins carving another notch in his scythe.

### ...
.# #.. .#
#.# ..###
#.# .....
#.#......
#<#@.....
#@.......
#r##.#...
#(# # #.#
#.. ..##
..# ....
$...


You could see Sigmund and a quokka.

Vanquished Creatures
  3 gnolls (D:2)
  3 adders (D:2)
  A dart slug (D:1)
  3 ball pythons
  4 bats
  2 endoplasms
  3 giant cockroaches
  3 goblins
  2 hobgoblins
  A quokka (D:1)
  3 frilled lizards (D:1)
  A kobold (D:2)
  A rat (D:2)
30 creatures vanquished.

Notes
Turn   | Place    | Note
-------+----------+-------------------------------------------
     0 | D:1      | runemasterragnar the Coglin Berserker began the quest for
                  | the Orb.
     0 | D:1      | Reached XP level 1. HP: 18/18 MP: 1/1
   456 | D:1      | Reached XP level 2. HP: 17/24 MP: 2/2
   922 | D:2      | Reached XP level 3. HP: 18/29 MP: 3/3
  1805 | D:2      | Reached skill level 1 in Throwing
  1805 | D:2      | Reached XP level 4. HP: 25/35 MP: 4/4
  2072 | D:2      | Reached skill level 4 in Axes
  2264 | D:3      | Noticed Sigmund
  2272 | D:3      | Killed from afar by Sigmund

Illustrated notes

Levels and vault maps discovered:
D:1:      elethiomel_arrival_infinity_welcomes_careful_drivers, layout_basic,
          feat_on_display
D:2:      layout_basic
D:3:      layout_basic, lemuel_doored_altar, tgw_sif, uniq_grinder,
          uniq_sigmund, uniq_natasha

Skill      XL: |  1  2  3  4 |
---------------+-------------+-----
Armour         | 2 |  2.4
Throwing       | 1 |  1.1
Axes           | 4 |  4.0
Fighting       | |  3.5
Dodging        | |  1.7

Action                     |  1- 3 |  4- 6 || total
---------------------------+-------+-------++-------
  Melee: Hand axe          |    87 |     5 ||    92
         Dagger            |    82 |     5 ||    87
 Invoke: Berserk           |     1 |       ||     1
   Stab: Sleeping          |     1 |       ||     1
 Armour: Animal skin       |    51 |     8 ||    59
  Dodge: Dodged            |    56 |     4 ||    60

Table legend: (Time is in decaauts)
 A = Elapsed time spent in this place.
 B = Non-inter-level travel time spent in this place.
 C = Inter-level travel time spent in this place.
 D = Time resting spent in this place.
 E = Time spent auto-exploring this place.
 F = Levels seen in this place.
 G = Mean time per level.
                   A        B        C        D        E       F      G
               +--------+--------+--------+--------+--------+-----+--------+
         Total |   2284 |   2195 |     89 |    211 |   1742 |   3 |  761.3 |
       Dungeon |   2284 |   2195 |     89 |    211 |   1742 |   3 |  761.3 |
               +--------+--------+--------+--------+--------+-----+--------+

Top non-repeatable levels by time:
     D:2: 1397 daAuts
     D:1: 877 daAuts
     D:3: 8 daAuts
